 Dungeon Crawl Stone Soup version 0.20-a0 (webtiles) character file.

2595 varam the Cleaver (level 9, 70/70 HPs)
             Began as a Hill Orc Fighter on Oct 27, 2016.
             Was an Initiate of Okawaru.
             Quit the game on level 7 of the Dungeon.
             The game lasted 00:10:45 (7430 turns).

varam the Cleaver (Hill Orc Fighter)                Turns: 7430, Time: 00:10:46

Health: 70/70      AC: 11    Str: 20    XL:     9   Next: 59%
Magic:  8/8        EV:  8    Int:  8    God:    Okawaru [......]
Gold:   254        SH: 10    Dex: 12    Spells: 0 memorised, 8 levels left

rFire  . . .     SeeInvis .     a - +0 war axe
rCold  + . .     Gourm    .     b - +0 scale mail
rNeg   + . .     Faith    .     c - +0 shield
rPois  .         Spirit   .     (no helmet)
rElec  .         Reflect  .     C - +0 cloak
rCorr  .         Harm     .     x - +0 pair of gloves
MR     .....                    A - +0 pair of boots
Stlth  +.........               I - amulet of rage
                                u - ring of stealth
                                F - ring of positive energy

@: no status effects
A: cold resistance 1, low mp 1, MP-powered wands
a: Renounce Religion, Evoke Berserk Rage


You were on level 7 of the Dungeon.
You worshipped Okawaru.
Okawaru was noncommittal.
You were very hungry.

You visited 2 branches of the dungeon, and saw 9 of its levels.

You collected 254 gold pieces.

Inventory:

Hand Weapons
 a - a +0 war axe (weapon)
 E - a +1 whip of electrocution
Armour
 b - a +0 scale mail (worn)
 c - a +0 shield (worn)
 x - a +0 pair of gloves (worn)
 A - a +0 pair of boots (worn)
 C - a +0 cloak (worn)
Jewellery
 q - an uncursed amulet of guardian spirit
 s - an uncursed ring of wizardry
 u - a ring of stealth (right hand)
 F - a ring of positive energy (left hand)
 I - an amulet of rage (around neck)
Wands
 D - a wand of lightning (4/15)
 H - a wand of iceblast (10/15)
Scrolls
 h - a scroll of immolation {unknown}
 j - 2 scrolls of noise {unknown}
 k - 10 scrolls of identify {unknown}
 m - 3 scrolls of remove curse {unknown}
 r - a scroll of enchant armour {unknown}
 t - 2 scrolls of enchant weapon {unknown}
 y - a scroll of amnesia {unknown}
Potions
 d - 3 potions of might
 e - 2 potions of ambrosia {unknown}
 i - a potion of agility {unknown}
 n - 2 potions of degeneration {unknown}
 p - a potion of brilliance {unknown}
 z - a potion of flight {unknown}
 B - a potion of haste {unknown}
Books
 o - a Young Poisoner's Handbook

   Spells                             Type                      Level
   a - Sting                          Conjuration/Poison           1
   b - Mephitic Cloud                 Conjuration/Poison/Air       3
   c - Olgreb's Toxic Radiance        Poison                       4
   d - Alistair's Intoxication        Transmutation/Poison         5
   e - Venom Bolt                     Conjuration/Poison           5
Comestibles
 f - 5 bread rations
 g - 3 slices of pizza
 l - 4 fruits
 v - 2 meat rations
 w - 2 royal jellies
 G - a beef jerky


   Skills:
 - Level 3.6 Fighting
 * Level 13.2 Axes
 + Level 6.5 Armour
 + Level 6.6 Shields


You had 8 spell levels left.
You didn't know any spells.

Dungeon Overview and Level Annotations

Branches:
Dungeon (8/15)             Temple (1/1) D:6
   Lair: D:8-11

Altars:
Ashenzari
Cheibriados
Dithmenos
Elyvilon
Fedhas
Gozag
Hepliaklqana
Kikubaaqudgha
Makhleb
Nemelex Xobeh
Okawaru
Qazlal
Ru
Sif Muna
Trog
Uskayaw
Vehumet
Xom
Yredelemnul
Zin
The Shining One

Annotations:
D:4 Edmund
D:6 varam's ghost, novice GrFi


Innate Abilities, Weirdness & Mutations

Your flesh is cold resistant. (rC+)
Your magical capacity is low. (-10% MP)
You expend magic power (3 MP) to strengthen your wands.


Message History

No target in view!
k - 10 scrolls labeled TUPICE TACAKH (gained 1)
You now have 254 gold pieces (gained 29).
You see here a stone.
You open the door.
There is an open door here.
HP restored.
Found a stone staircase leading down.
You are feeling hungry.
You see here a flail.
Key pressed, stopping explore.
Key pressed, stopping explore.
You open the door.
There is an open door here.
Items here: )) [[ a hand axe; a ring mail; a war axe; a plate armour You open the door.
You are feeling very hungry.
No target in view!
Are you sure you want to abandon this character and quit the game? (Confirm with "yes".)

# #.# ##.## ###.# # #.# #.#
##.#.# # #.# #.# ##.#..#
###.# ##+## ##.###.## ....#
##...## #.## ##.# #####
##.....## ##.###.## .##
##.......## ##.#.####
.)####.........####......##
.....'.........'@.........#
..####......§..####.......#
.## ##...._..######......#
## ##§.........####...## #
##...#####.# ##.## #..##
#.# #.# #..######.#####.#
##### #..##...........#
....## #..##.###.#######


There were no monsters in sight!

Vanquished Creatures
  Grinder (D:3)
  The ghost of varam the Chopper, an amateur GrFi of Okawaru (D:5)
  Sigmund (D:2)
  Eustachio (D:4)
  A wyvern (D:7)
  An ice beast (D:6)
  A sky beast (D:5)
  2 orc warriors
  2 ogres (D:6)
  Blork the orc (D:4)
  2 bullfrogs
  4 killer bees (D:7)
  A howler monkey (D:5)
  3 crimson imps
  2 bullfrog zombies (D:5)
  3 hounds
  4 orc wizards
  Crazy Yiuf (D:5)
  A centaur skeleton (D:6)
  3 orc priests
  A bullfrog skeleton (D:7)
  An iguana (D:5)
  3 worker ants
  A howler monkey zombie (D:5)
  5 adders
  2 howler monkey skeletons
  2 adder zombies
  4 worms
  A dart slug (D:1)
  6 leopard geckos
  14 orcs
  10 giant cockroaches
  3 goblins
  8 hobgoblins
  13 jackals
  7 quokkas
  5 bats
  10 frilled lizards
  A jackal zombie (D:7)
  13 kobolds
  2 leopard gecko skeletons
  4 rats
152 creatures vanquished.

Notes
Turn   | Place    | Note
-------+----------+-------------------------------------------
     0 | D:1      | varam the Hill Orc Fighter began the quest for the Orb.
     0 | D:1      | Reached XP level 1. HP: 19/19 MP: 1/1
    89 | D:1      | Reached skill level 3 in Axes
    93 | D:1      | Reached XP level 2. HP: 25/26 MP: 2/2
   309 | D:1      | Reached skill level 4 in Axes
   446 | D:1      | Reached XP level 3. HP: 30/31 MP: 3/3
   635 | D:1      | Reached skill level 5 in Axes
   844 | D:2      | Noticed Sigmund
   855 | D:2      | Killed Sigmund
   855 | D:2      | Reached skill level 7 in Axes
   855 | D:2      | Reached XP level 4. HP: 16/39 MP: 4/4
   855 | D:2      | Reached XP level 5. HP: 19/45 MP: 5/5
  1245 | D:2      | Reached skill level 8 in Axes
  1276 | D:2      | Reached XP level 6. HP: 51/51 MP: 6/6
  1669 | D:3      | Found a faded altar of an unknown god.
  1787 | D:3      | Noticed Grinder
  1802 | D:3      | Killed Grinder
  1802 | D:3      | Reached skill level 9 in Axes
  1802 | D:3      | Reached XP level 7. HP: 14/57 MP: 1/7
  2560 | D:4      | Noticed Edmund
  2637 | D:4      | Noticed Eustachio
  2675 | D:4      | Killed Eustachio
  2675 | D:4      | Reached skill level 10 in Axes
  2735 | D:4      | Noticed Blork the orc
  2756 | D:4      | Killed Blork the orc
  3028 | D:5      | Entered Level 5 of the Dungeon
  3154 | D:5      | Reached XP level 8. HP: 54/64 MP: 8/8
  3266 | D:5      | Noticed varam's ghost (amateur GrFi)
  3344 | D:5      | Found a glowing golden altar of the Shining One.
  3539 | D:5      | Gained mutation: Your magical capacity is low. (-10% MP) [mutagenic meat]
  3540 | D:5      | Gained mutation: You expend magic power (3 MP) to strengthen your wands. [mutagenic meat]
  3541 | D:5      | Gained mutation: Your flesh is cold resistant. (rC+) [mutagenic meat]
  3629 | D:5      | Found a runed door.
  3633 | D:5      | Noticed Crazy Yiuf
  3637 | D:5      | Killed Crazy Yiuf
  3637 | D:5      | Reached skill level 11 in Axes
  3792 | D:5      | Reached skill level 5 in Shields
  3975 | D:5      | Killed varam's ghost
  3975 | D:5      | Reached skill level 5 in Armour
  4773 | D:6      | Reached skill level 12 in Axes
  4911 | D:6      | Reached XP level 9. HP: 70/70 MP: 8/8
  4933 | D:6      | Found a staircase to the Ecumenical Temple.
  4938 | Temple   | Entered the Ecumenical Temple
  5118 | Temple   | Became a worshipper of Warmaster Okawaru
  5415 | D:6      | Noticed varam's ghost (novice GrFi)
  5451 | D:6      | You fall through a shaft for 2 floors!
  5762 | D:7      | Found a shadowy altar of Dithmenos.
  6074 | D:7      | Found a basalt altar of Yredelemnul.
  6229 | D:7      | Reached skill level 13 in Axes
  7430 | D:7      | Quit the game

Vault maps used:
D:1:      matt_arrival_diagonals
D:2:      uniq_sigmund
D:3:      ecumenical_altar_1, uniq_grinder
D:4:      uniq_edmund, uniq_eustachio, uniq_blork_the_orc
D:5:      first_bread, nicolae_tso_swordbearing_angel, uniq_crazy_yiuf_cottage
D:7:      basic_altar, grunt_dithmenos_smoke
D:8:      uniq_gastronok
Temple:   roderic_octagonal_lattice_temple

Skill      XL: |  1  2  3  4  5  6  7  8  9 |
---------------+----------------------------+-----
Axes           | 3 4 7 8 9 10 12 13 | 13.2
Armour         | 4 5 6 |  6.5
Shields        | 4 5 6 |  6.6
Fighting       | |  3.6

Action                   |  1- 3 |  4- 6 |  7- 9 || total
-------------------------+-------+-------+-------++-------
Melee: War axe           |   116 |   115 |   359 ||   590
       Whip              |       |       |    74 ||    74
 Stab: Distracted        |       |       |     1 ||     1
  Eat: Chunk             |       |     3 |    19 ||    22
       Beef jerky        |       |       |     1 ||     1
Armor: Scale mail        |    60 |    37 |   139 ||   236
Dodge: Dodged            |    33 |    37 |    91 ||   161
Block: Shield            |    56 |    47 |   190 ||   293
